 Dungeon Crawl Stone Soup version 0.18-a0-1126-ga2d7f46 (webtiles) character file.

1796 mrath the Cleaver (level 8, -1/72 HPs)
             Began as a Deep Dwarf Fighter on Jan 20, 2016.
             Was a Believer of Makhleb.
             Slain by an orc warrior
             ... wielding a +0 battleaxe
              (9 damage)
             ... on level 6 of the Dungeon on Jan 21, 2016.
             The game lasted 01:01:11 (5938 turns).

mrath the Cleaver (Deep Dwarf Fighter)              Turns: 5938, Time: 01:01:11

Health: -1/72      AC: 10    Str: 23    XL:     8   Next: 83%
Magic:  10/10      EV:  7    Int:  8    God:    Makhleb [**....]
Gold:   217        SH: 10    Dex: 12    Spells: 0 memorised, 7 levels left

rFire  . . .     SeeInvis .     a - +0 war axe
rCold  . . .     Gourm    .     J - +0 chain mail
rNeg   + . .     Faith    .     c - +0 shield
rPois  .         Spirit   .     (no helmet)
rElec  .         Dismiss  .     z - +0 cloak
rCorr  .         Reflect  .     (no gloves)
SustAt .         Harm     .     (no boots)
MR     +....                    (no amulet)
Stlth  ..........               K - ring of positive energy
                                M - ring of stealth

@: non-regenerating, drained, somewhat resistant to hostile enchantments,
extremely unstealthy
A: damage resistance, recharge devices, sense surroundings 1, slow regeneration
3
a: Device Recharging, Minor Destruction, Renounce Religion


You were on level 6 of the Dungeon.
You worshipped Makhleb.
Makhleb was pleased with you.
You were not hungry.

You visited 1 branch of the dungeon, and saw 7 of its levels.

You collected 267 gold pieces.
You spent 50 gold pieces at shops.

Inventory:

Hand Weapons
 a - a +0 war axe (weapon)
 j - a +1 whip of electrocution
 q - a +0 hunting sling
 N - a +0 flail of protection
Missiles
 i - 31 sling bullets
 l - 11 poisoned needles
 m - 133 stones (quivered)
Armour
 c - a +0 shield (worn)
 z - a +0 cloak (worn)
 J - a +0 chain mail (worn)
Jewellery
 H - a +1 ring of slaying
 K - a ring of positive energy (right hand)
 M - a ring of stealth (left hand)
Wands
 e - a wand of heal wounds (0/9)
 E - a wand of enslavement (17/24)
 F - a wand of random effects (13/48)
 I - a wand of magic darts (17/48)
 P - a wand of fire (7/15)
Scrolls
 g - 3 scrolls of remove curse {unknown}
 o - 3 scrolls of recharging {unknown}
 p - 3 scrolls of amnesia {unknown}
 s - a scroll of enchant armour {unknown}
 u - 2 scrolls of immolation {unknown}
 y - 2 scrolls of noise {unknown}
 A - a scroll of random uselessness {unknown}
 C - 3 scrolls of identify {unknown}
 O - 3 scrolls of magic mapping {unknown}
 Q - a scroll of fog {unknown}
Potions
 b - 2 potions of lignification {unknown}
 h - 5 potions of curing {unknown}
 t - 4 potions of magic {unknown}
 v - 2 potions of cure mutation {unknown}
 x - a potion of mutation {unknown}
 D - a potion of resistance
 G - 2 potions of haste
 L - a potion of brilliance {unknown}
Comestibles
 d - a slice of pizza
 f - 6 bread rations
 n - 4 meat rations
 r - 3 fruits
 w - 3 chunks of flesh
 B - 2 beef jerkies


   Skills:
 + Level 3.9(3.5) Fighting
 + Level 9.2(8.7) Axes
 + Level 0.9(0.5) Slings
 + Level 4.8(4.4) Armour
 + Level 3.1(2.6) Dodging
 + Level 4.8(4.4) Shields
 + Level 3.6(3.2) Invocations
 + Level 4.3(3.9) Evocations


You had 7 spell levels left.
You didn't know any spells.

Dungeon Overview and Level Annotations

Branches:
Dungeon (7/15)             Temple (0/1) D:7

Altars:
Ashenzari
Cheibriados
Dithmenos
Elyvilon
Kikubaaqudgha
Makhleb
Pakellas
Sif Muna
Trog
Vehumet
Zin

Shops:
D:4 %*[

Annotations:
D:5 Prince Ribbit, Sigmund
D:7 st0uf's ghost, novice DrTm


Innate Abilities, Weirdness & Mutations

You are resistant to damage.
You can recharge devices by infusing magical energy.
You passively map a small area around you.
You do not regenerate naturally.


Message History

You hit the orc warrior but do no damage.
The orc warrior is severely wounded.
The orc warrior hits you with a battleaxe.
You slash the orc warrior!
The orc warrior is almost dead.
You block the orc warrior's attack.
You closely miss the orc warrior.
The orc warrior is almost dead.
You block the orc warrior's attack.
You barely miss the orc warrior.
The orc warrior is almost dead.
The orc warrior hits you with a battleaxe!
* * * LOW HITPOINT WARNING * * *
You closely miss the orc warrior.
The orc warrior is almost dead.
You block the orc warrior's attack.
You closely miss the orc warrior.
The orc warrior is almost dead.
The orc warrior hits you with a battleaxe!
You die...

############### ##
#.............# #.
####....o........#######.
#.......@).......+..)..'.
#.##.....).......#######.
#...####'#####((.#######.
#######'####.........).......
#.........###################
#.........# #......
#.........## #......
##########....# #......
#......###....# #......


You could see an orc warrior.

Vanquished Creatures
  The ghost of Situis the Charmwright, an amateur DsSk of Okawaru (D:4)
  A water moccasin (D:6)
  An ice beast (D:6)
  A black bear (D:6)
  2 ogres
  A centaur (D:6)
  3 giant frogs
  2 crimson imps (D:6)
  4 hounds
  6 orc priests
  A centaur skeleton (D:5)
  3 orc wizards
  Jessica (D:3)
  A giant frog skeleton (D:4)
  2 iguanas
  4 worker ants
  9 adders
  2 oozes
  2 worms
  5 giant geckos
  11 orcs
  3 giant cockroaches
  7 goblins
  11 hobgoblins
  16 jackals
  10 kobolds
  6 quokkas
  8 bats
  4 giant newts
  9 rats
  A plant (D:4)
138 creatures vanquished.

Notes
Turn   | Place    | Note
--------------------------------------------------------------
     0 | D:1      | mrath the Deep Dwarf Fighter began the quest for the Orb.
     0 | D:1      | Reached XP level 1. HP: 20/20 MP: 1/1
    63 | D:1      | Reached XP level 2. HP: 22/27 MP: 2/2
   838 | D:2      | Reached XP level 3. HP: 24/33 MP: 3/3
   864 | D:2      | Reached skill level 4 in Axes
  1141 | D:2      | Reached XP level 4. HP: 21/40 MP: 4/4
  1318 | D:2      | Reached skill level 5 in Axes
  2023 | D:3      | Found an oddly glowing altar of Pakellas.
  2337 | D:3      | Noticed Jessica
  2344 | D:3      | Killed Jessica
  2344 | D:3      | Reached XP level 5. HP: 32/46 MP: 5/5
  2405 | D:3      | Found a burning altar of Makhleb.
  2430 | D:3      | Became a worshipper of Makhleb the Destroyer
  2672 | D:4      | Found Ezan's Armour Shoppe.
  2677 | D:4      | Noticed Situis's ghost (amateur DsSk)
  2789 | D:4      | Reached skill level 6 in Axes
  2807 | D:4      | Found Vusub's General Store.
  2817 | D:4      | Bought a potion of heal wounds for 50 gold pieces
  2826 | D:4      | Noticed an ogre
  2835 | D:4      | Killed an ogre
  2844 | D:4      | Found a shattered altar of Ashenzari.
  2858 | D:4      | Found Bawuudokk's Food Boutique.
  2863 | D:4      | Reached skill level 7 in Axes
  2863 | D:4      | Reached XP level 6. HP: 19/55 MP: 6/6
  3109 | D:4      | Killed Situis's ghost
  3109 | D:4      | Reached skill level 8 in Axes
  3168 | D:4      | Reached XP level 7. HP: 49/61 MP: 7/7
  3295 | D:4      | Found a shadowy altar of Dithmenos.
  3295 | D:4      | Found an ancient bone altar of Kikubaaqudgha.
  3296 | D:4      | Found a glowing silver altar of Zin.
  3469 | D:4      | Found a bloodstained altar of Trog.
  3478 | D:4      | Reached skill level 1 in Evocations
  3549 | D:5      | Entered Level 5 of the Dungeon
  3551 | D:5      | Found a deep blue altar of Sif Muna.
  3630 | D:5      | Found a snail-covered altar of Cheibriados.
  3746 | D:5      | Found a radiant altar of Vehumet.
  3758 | D:5      | Reached skill level 1 in Dodging
  3952 | D:5      | Noticed Prince Ribbit
  3957 | D:5      | Reached skill level 1 in Invocations
  4080 | D:5      | Noticed Sigmund
  4743 | D:6      | Reached * piety under Makhleb
  4770 | D:6      | Reached XP level 8. HP: 58/69 MP: 8/8
  4988 | D:6      | Reached skill level 9 in Axes
  5272 | D:6      | Reached ** piety under Makhleb
  5754 | D:7      | Found a white marble altar of Elyvilon.
  5864 | D:7      | Noticed st0uf's ghost (novice DrTm)
  5912 | D:7      | Found a staircase to the Ecumenical Temple.
  5929 | D:6      | HP: 1/72 [orc warrior/battleaxe (12)]
  5938 | D:6      | Slain by an orc warrior

Vault maps used:
D:1:      evilmike_arrival_home_sweet_home
D:2:      roderic_ancient_swastika
D:3:      grunt_pakellas_basics, old_standard_altar, first_bread,
          grunt_ministairs_10, st_stairs_12, eino_tiny_chamber, uniq_jessica
D:4:      lemuel_coloured_pillars_altar, nicolae_overflow_hidden_temple,
          gammafunk_temple_overflow_forgotten, serial_shops, shop, shop, shop,
          nrook_loot_triangle
D:5:      led_sif_book, nicolae_overflow_crystal_walls, vehumet_altar_wand_db,
          uniq_prince_ribbit1, uniq_sigmund
D:7:      elyvilon_altar_5, kennysheep_little_box,
          minmay_temple_entry_butterflies

Action                   |  1- 3 |  4- 6 |  7- 9 || total
-------------------------+-------+-------+-------++-------
Melee: War axe           |   139 |   142 |   232 ||   513
 Fire: Hunting sling     |       |     5 |    31 ||    36
Throw: Stone             |    14 |    33 |    26 ||    73
 Abil: Device Recharging |       |       |     1 ||     1
Evoke: Wand              |       |     3 |     5 ||     8
  Use: Potion            |       |     3 |     2 ||     5
  Eat: Chunk             |     1 |     6 |     7 ||    14
       Fruit             |       |     1 |       ||     1
       Royal jelly       |       |       |     1 ||     1
